 Dungeon Crawl Stone Soup version 0.19.1-1-g22dce08 (webtiles) character file.

100 galech the Ruffian (level 4, -1/44 HPs)
             Began as a Troll Fighter on Jan 17, 2017.
             Killed by divine providence
             ... invoked by an orc priest
              (15 damage)
             ... on level 3 of the Dungeon.
             The game lasted 00:03:10 (1567 turns).

galech the Ruffian (Troll Fighter)                  Turns: 1567, Time: 00:03:11

Health: -1/44      AC:  5    Str: 25    XL:     4   Next: 46%
Magic:  3/3        EV:  8    Int:  4    God:
Gold:   152        SH:  9    Dex:  9    Spells: 0 memorised, 3 levels left

rFire  . . .     SeeInvis .       - Unarmed
rCold  . . .     Gourm    +     a - +0 robe
rNeg   . . .     Faith    .     b - +0 shield
rPois  .         Spirit   .     (helmet restricted)
rElec  .         Reflect  .     (no cloak)
rCorr  .         Harm     .     (gloves unavailable)
MR     .....                    (boots unavailable)
Stlth  +.........               (no amulet)
                                (no ring)
                                (no ring)

@: no status effects
A: unfitting armour, claws 3, fast metabolism 3, gourmand, regeneration 1,
shaggy fur 1, tough skin 2
a: no special abilities


You were on level 3 of the Dungeon.
You were completely stuffed.

You visited 1 branch of the dungeon, and saw 3 of its levels.

You collected 152 gold pieces.

Inventory:

Missiles
 g - 3 large rocks (quivered)
Armour
 a - a +0 robe (worn)
 b - a +0 shield (worn)
Jewellery
 q - an uncursed amulet of guardian spirit {unknown}
Scrolls
 e - a scroll of fog {unknown}
 h - a scroll of remove curse {unknown}
 j - 3 scrolls of identify {unknown}
 m - 2 scrolls of enchant armour {unknown}
 o - 2 scrolls of teleportation {unknown}
 p - a scroll of amnesia {unknown}
Potions
 c - a potion of might
 i - a potion of brilliance {unknown}
 k - a potion of lignification {unknown}
 l - a potion of curing {unknown}
Comestibles
 d - 2 bread rations
 n - a beef jerky


   Skills:
 + Level 2.7 Fighting
 + Level 3.0 Dodging
 + Level 3.0 Shields
 + Level 3.3 Unarmed Combat


You had 3 spell levels left.
You didn't know any spells.

Dungeon Overview and Level Annotations

Branches:
Dungeon (3/15)

Altars:
Ashenzari
Zin


Innate Abilities, Weirdness & Mutations

You are too large for most types of armour.
You have claws for hands.
Your metabolism is lightning-fast.
You like to eat raw meat.
Your natural rate of healing is unusually fast.
You are covered in fur. (AC +1)
You have very tough skin. (AC +2)


Message History

The orc wizard hits you with a vampiric dagger.
The orc wizard draws strength from your wounds!
You scratch the orc wizard but do no damage.
The orc wizard is heavily wounded.
The orc hits you with a flail. You block the orc wizard's attack.
You scratch the orc wizard but do no damage.
The orc wizard is heavily wounded.
You block the orc wizard's attack. The orc hits you with a flail.
* * * LOW HITPOINT WARNING * * *
You are too injured to fight recklessly!
You are too injured to fight recklessly!
You are too injured to fight recklessly!
You are too injured to fight recklessly!
You are too injured to fight recklessly!
You are too injured to fight recklessly!
You are too injured to fight recklessly!
You are too injured to fight recklessly!
The orc priest invokes the aid of Beogh against you.
Beogh smites you!
You die...

.........## #. ###.....#
..........# ..##.......#
..........# ###.##.#.....#
##...####.# ...##.#.....#
#...###..# #.##.#######
#...##.#.## #..o...#
#...#.###.## #o##.#÷######
##...## ##.####.##o.......#
####.###......@o....####.#
#######.#.######..#......#
....?.......# #......#...#
.?.......##.# ##..####...# #
...##..(.##.####..#⌠.##'##.⌠#
.........†...#..............#
....#...###(.#.#####.......##
...............#...#.......#
........#####..#...'..._.[.+


You could see an orc priest, an orc wizard and an orc.

Vanquished Creatures
  Ijyb (D:2)
  2 adders (D:2)
  A dart slug (D:1)
  2 leopard geckos
  2 orcs
  6 bats
  A giant cockroach (D:1)
  9 goblins
  4 hobgoblins
  3 jackals (D:1)
  6 kobolds
  A quokka (D:2)
  4 frilled lizards
  8 rats
50 creatures vanquished.

Notes
Turn   | Place    | Note
-------+----------+-------------------------------------------
     0 | D:1      | galech the Troll Fighter began the quest for the Orb.
     0 | D:1      | Reached XP level 1. HP: 22/22 MP: 0/0
   151 | D:1      | Reached XP level 2. HP: 29/29 MP: 1/1
   434 | D:1      | Reached XP level 3. HP: 36/36 MP: 2/2
   619 | D:1      | You fall through a shaft!
   806 | D:2      | Noticed Ijyb
   827 | D:2      | Killed Ijyb
   827 | D:2      | Reached XP level 4. HP: 39/44 MP: 3/3
  1063 | D:2      | Found a glowing silver altar of Zin.
  1517 | D:3      | Found a shattered altar of Ashenzari.
  1567 | D:3      | Killed from afar by an orc priest

Skill      XL: |  1  2  3  4 |
---------------+-------------+-----
Unarmed Combat | 3 |  3.3
Shields        | 3 |  3.0
Dodging        | 3 |  3.0
Fighting       | |  2.7

Action                   |  1- 3 |  4- 6 || total
-------------------------+-------+-------++-------
Melee: Unarmed           |   142 |    52 ||   194
 Stab: Sleeping          |     1 |       ||     1
  Eat: Chunk             |    13 |     7 ||    20
Armor: Robe              |    56 |    15 ||    71
Dodge: Dodged            |    43 |     9 ||    52
Block: Shield            |    58 |    26 ||    84
